 Dungeon Crawl Stone Soup version 0.18-a0-998-gcb3fcb1 (webtiles) character file.

42 Duffy the Magician (level 3, 0/16 HPs)
             Began as a Spriggan Earth Elementalist on Jan 5, 2016.
             Slain by a goblin
             ... wielding a +0 club
              (3 damage)
             ... on level 2 of the Dungeon.
             The game lasted 00:02:19 (2062 turns).

Duffy the Magician (Spriggan Earth Elementalist)    Turns: 2062, Time: 00:02:19

Health: 0/16       AC:  2    Str:  6    XL:     3   Next: 35%
Magic:  9/9        EV: 18    Int: 17    God:
Gold:   47         SH:  3    Dex: 16    Spells: 1 memorised, 8 levels left

rFire  . . .     SeeInvis +     (weapon restricted)
rCold  + . .     Gourm    .     a - +0 robe
rNeg   . . .     Faith    .     (shield restricted)
rPois  .         Spirit   .     (helmet restricted)
rElec  .         Dismiss  .     (no cloak)
rCorr  .         Reflect  +     (gloves unavailable)
SustAt .         Harm     .     (boots unavailable)
MR     .....                    s - +3 amulet of reflection
Stlth  +++.......               n - ring of protection from cold
                                q - +2 ring of strength

@: very quick, not resistant to hostile enchantments, fairly stealthy
A: unfitting armour, see invisible, herbivore 3, speed 3, slow metabolism 2
a: no special abilities


You were on level 2 of the Dungeon.
You were not hungry.

You visited 1 branch of the dungeon, and saw 2 of its levels.

You collected 47 gold pieces.


Innate Abilities, Weirdness & Mutations

You are tiny and cannot use many weapons and most armour.
You have supernaturally acute eyesight.
You are a herbivore.
You cover ground extremely quickly.
You need consume almost no food.


   Skills:
 - Level 3.0 Dodging
 - Level 3.0 Stealth
 + Level 3.6 Spellcasting
   Level 1.3 Transmutations
 + Level 3.5 Earth Magic


You had 8 spell levels left.
You knew the following spells:

 Your Spells              Type           Power        Failure   Level  Hunger
a - Sandblast             Erth           ###...       4%          1    None

Inventory:

Missiles
 b - 27 stones (quivered)
 e - 15 poisoned needles
Armour
 a - a +0 robe (worn)
Jewellery
 n - a ring of protection from cold (right hand)
 q - a +2 ring of strength (left hand)
 s - a +3 amulet of reflection (around neck)
Scrolls
 i - 2 scrolls of teleportation
 j - a scroll of identify {unknown}
 l - 3 scrolls of enchant weapon {unknown}
 m - 2 scrolls of recharging {unknown}
 o - a scroll of remove curse {unknown}
Potions
 h - a potion of resistance {unknown}
 k - a potion of invisibility {unknown}
 p - a potion of flight {unknown}
 r - a potion of haste {unknown}
Books
 c - a book of Geomancy
Comestibles
 d - 4 bread rations
 f - 6 fruits
 g - 3 slices of pizza

Dungeon Overview and Level Annotations

Branches:
Dungeon (2/15)

Altars:
Okawaru


Message History

A goblin is nearby!
The goblin shouts!
The goblin hits you with a club. The goblin hits you but does no damage.
The goblin misses you. You block the goblin's attack.
The goblin closely misses you. The goblin misses you.
The goblin barely misses you. The goblin hits you with a club.
The goblin completely misses you. The goblin hits you with a club.
The goblin closely misses you. The goblin completely misses you.
The goblin misses you. The goblin barely misses you.
You block the goblin's attack. You block the goblin's attack.
The goblin misses you. The goblin hits you with a club.
The goblin closely misses you. You block the goblin's attack.
The goblin closely misses you. The goblin barely misses you.
The goblin closely misses you. The goblin barely misses you.
The goblin barely misses you. The goblin misses you.
The goblin barely misses you. The goblin hits you with a club.
The goblin misses you. You block the goblin's attack.
You block the goblin's attack. The goblin hits you with a club.
You die...

#######.## .......>.#
#######..## #####
#...#####...# #
##..........#.#
#...####...#.#
#............#
##..####.....#
#########..# ##@#..#
#..........# #g#..#
#.###.###### #.#..#
#.# #.# #.#..#
#.###.# #....#
......##### ###..#
..#.......#######...#
.###...##.##........#
........#.##.####.#.#


You could see a goblin.

Action                   || total
-------------------------++-------
 Cast: Sandblast         ||    59
  Use: Scroll            ||     1

Notes
Turn   | Place    | Note
--------------------------------------------------------------
     0 | D:1      | Duffy the Spriggan Earth Elementalist began the quest for the Orb.
     0 | D:1      | Reached XP level 1. HP: 9/9 MP: 5/5
     2 | D:1      | Noticed a gargoyle
     4 | D:1      | Noticed a demonspawn
     4 | D:1      | Noticed a draconian
     6 | D:1      | Noticed a felid
     6 | D:1      | Noticed a human
     8 | D:1      | Noticed a halfling
     8 | D:1      | Noticed a troll
    10 | D:1      | Noticed a minotaur
    10 | D:1      | Noticed an octopode
    12 | D:1      | Noticed a formicid
    14 | D:1      | Noticed an ogre
    14 | D:1      | Noticed a vine stalker
    16 | D:1      | Noticed a naga
    16 | D:1      | Noticed a dwarf
    18 | D:1      | Noticed a spriggan
    20 | D:1      | Noticed a centaur
    22 | D:1      | Noticed a demigod
    22 | D:1      | Noticed a merfolk
    24 | D:1      | Noticed a tengu
    24 | D:1      | Noticed a vampire
    26 | D:1      | Noticed a ghoul
    26 | D:1      | Noticed an elf
    58 | D:1      | Reached skill level 3 in Spellcasting
   200 | D:1      | Reached skill level 3 in Earth Magic
   204 | D:1      | Reached XP level 2. HP: 13/13 MP: 1/7
  1038 | D:2      | Found an iron altar of Okawaru.
  1107 | D:2      | Reached XP level 3. HP: 11/16 MP: 5/8
  2062 | D:2      | Slain by a goblin

Vault maps used:
D:1:      kb_arrival_jail, serial_bayou_pond_d
D:2:      okawaru_ov_weapons_minmay

Vanquished Creatures
  An adder
  A ball python
  5 giant cockroaches
  2 goblins
  5 hobgoblins
  A quokka
  4 bats
  5 giant newts
  4 kobolds
  4 rats
32 creatures vanquished.
